 Dungeon Crawl Stone Soup version 0.17-a0-1069-g92ad481 (webtiles) character file.

525133 Sixotanaka the Phalangite (level 26, -16/234 HPs)
             Began as a Merfolk Ice Elementalist on May 16, 2015.
             Was the Champion of Makhleb.
             Killed from afar by a quicksilver dragon (36 damage)
             ... with a bolt of dispelling energy
             ... on level 5 of the Vaults on May 17, 2015.
             The game lasted 05:06:26 (77248 turns).

Sixotanaka the Phalangite (MfIE)                   Turns: 77248, Time: 05:06:26

Health: -16/234    AC: 18    Str: 14    XL:     26   Next: 2%
Magic:  0/29       EV: 30    Int: 14    God:    Makhleb [******]
Gold:   3181       SH:  8    Dex: 19    Spells: 7 memorised, 12 levels left

rFire  + + +     SeeInvis +     a - +9 bardiche (flame)
rCold  + + .     Clarity  .     K - +2 robe {rC+ rF+}
rNeg   + + .     SustAb   .     (no shield)
rPois  +         Gourm    .     k - +2 hat
rElec  .         Spirit   +     V - +2 cloak {MR+}
rCorr  .         Warding  .     o - +2 pair of gloves {Dex+3}
rMut   .         Stasis   .     X - +0 pair of boots of the Special Lies {rF+++ rC+ rN+ SInv}
MR     ++...                    d - amulet of guardian spirit
Stlth  ++........               Z - +3 ring of slaying
                                R - ring of Dim Light {rPois rF++ rN+ Int-5 Slay+2}

@: lethally poisoned (-16 -> -16), icy shield, flayed, slowed, very slow, very
resistant to hostile enchantments, unstealthy
A: change form in water, swift swim, iridescent scales 1, breathe flames 1,
robust 1
a: Minor Destruction, Lesser Servant of Makhleb, Major Destruction, Greater
Servant of Makhleb, Renounce Religion, Breathe Fire
}: 2/15 runes: barnacled, gossamer


You were on level 5 of the Vaults.
You worshipped Makhleb.
Makhleb was exalted by your worship.
You were not hungry.

You visited 8 branches of the dungeon, and saw 48 of its levels.
You visited the Abyss 1 time.
You visited 1 bazaar.
You also visited: Labyrinth, Sewer, Bailey, Ice Cave and Wizlab.

You collected 5899 gold pieces.
You spent 2718 gold pieces at shops.


Innate Abilities, Weirdness & Mutations

You revert to your normal form in water.
You are very nimble and swift while swimming.
You are partially covered in iridescent scales (AC +4).
You can breathe flames.
You are robust (+10% HP).


   Skills:
 + Level 18.8 Fighting
 - Level 26.2 Polearms
 - Level 8.4 Armour
 - Level 20.0 Dodging
 - Level 2.1 Stealth
   Level 4.2 Shields
 - Level 4.5 Spellcasting
 - Level 11.5 Conjurations
 - Level 5.1 Charms
 + Level 1.2 Necromancy
 - Level 24.3 Ice Magic
 - Level 8.1 Invocations
 - Level 6.7 Evocations


You had 12 spell levels left.
You knew the following spells:

 Your Spells              Type           Power        Failure   Level  Hunger
a - Ozocubu's Armour      Chrm/Ice       #####...     1%          3    ###....
c - Summon Ice Beast      Ice/Summ       #####...     1%          4    ####...
g - Regeneration          Chrm/Necr      ##........   17%         3    ###....
v - Bolt of Draining      Conj/Necr      ###.......   45%         5    ######.
x - Throw Frost           Conj/Ice       ######       0%          2    ##.....
y - Condensation Shield   Ice            ######....   0%          4    ####...
z - Freeze                Ice            ####         0%          1    None


Dungeon Overview and Level Annotations

Branches:
Dungeon (15/15)            Temple (0/1) D:4            Lair (8/8) D:10
 Shoals (4/4) Lair:4       Spider (4/4) Lair:3        Slime (0/6) Lair:8
    Orc (4/4) D:12            Elf (0/3) Orc:3        Vaults (5/5) D:14
  Crypt (3/3) Vaults:3       Tomb (0/3) Crypt:3      Depths (5/5) D:15
    Zot (0/5) Depths:5

Altars:
Ashenzari
Fedhas
Gozag
Kikubaaqudgha
Makhleb
Nemelex Xobeh
Qazlal
Ru
Sif Muna
Trog
Yredelemnul
Zin
Beogh
Jiyva

Shops:
D:4 (   D:6 *   D:14 (   Orc:3 *   Orc:4 (}[=   Vaults:4 =   Depths:2 :

Portals:
Hell: Depths:1 Depths:2 Depths:3 Depths:4 Depths:5
Abyss: Depths:1 Depths:4
Pandemonium: Depths:3
Ziggurat: Depths:4 Depths:5
Trove: Vaults:3 (show slimy rune of Zot)

Annotations:
D:5 exclusion: oklob plant
Lair:4 Maud
Lair:8 1 runed door
Spider:4 chequers's ghost, mighty MiAK
Vaults:3 trove slime rune
Crypt:3 Khufu
Depths:1 1 runed door

Inventory:

Hand weapons
 a - a +9 bardiche of flaming (weapon)
   (You took it off an orc warlord on level 3 of the Orcish Mines)
 b - the +9 blowgun "Sosuguih" {evade, Int+3}
   (You found it on level 8 of the Lair of Beasts)

   It affects your evasion (+5 to EV).
   It affects your intelligence (+3).
Missiles
 G - 10 curare-tipped needles
 P - 31 javelins of penetration (quivered)
 U - 5 tomahawks of dispersal {!f}
 W - 5 throwing nets
Armour
 k - a +2 hat (worn)
 o - a +2 pair of gloves of dexterity (worn)
   (You found it on level 2 of the Lair of Beasts)
 K - a +2 robe of resistance (worn)
   (You took it off a red devil on level 2 of the Depths)
 V - a +2 cloak of magic resistance (worn)
   (You took it off Maurice on level 8 of the Dungeon)
 X - the +0 pair of boots of the Special Lies (worn) {rF+++ rC+ rN+ SInv}
   (You bought it in a shop in a bazaar)

   It renders you almost immune to fire.
   It protects you from cold.
   It protects you from negative energy.
   It lets you see invisible.
Jewellery
 d - an amulet of guardian spirit (around neck)
 e - an uncursed ring of ice
 g - an uncursed amulet of resist mutation
 r - an uncursed ring of protection from magic
 E - an uncursed ring of poison resistance
 R - the ring of Dim Light (left hand) {rPois rF++ rN+ Int-5 Slay+2}
   (You found it on level 2 of the Depths)

   [ring of slaying]

   It affects your intelligence (-5).
   It affects your accuracy and damage with ranged weapons and melee attacks
   (+2).
   It greatly protects you from fire.
   It protects you from poison.
   It protects you from negative energy.
 T - an uncursed ring of teleportation
 Z - a +3 ring of slaying (right hand)
Magical devices
 h - a wand of teleportation (5) {@v4}
 u - a wand of heal wounds (4) {@v2}
 v - a wand of digging (3)
 x - a wand of paralysis (10)
 I - a wand of hasting (5) {@v3}
 M - a wand of fire (3)
Scrolls
 l - 3 scrolls of fear
 q - 2 scrolls of silence
 y - 2 scrolls of fog
 A - a scroll of identify {@r1}
 B - 2 scrolls of magic mapping
 F - 15 scrolls of teleportation {@r4}
 H - 7 scrolls of recharging
 N - 3 scrolls of holy word
 Q - 5 scrolls of summoning
 Y - 5 scrolls of remove curse {@r2}
Potions
 i - 4 potions of heal wounds {@q2}
 j - 11 potions of curing {@q1}
 m - a potion of resistance
 n - 3 potions of invisibility
 t - 3 potions of magic
 z - 5 potions of agility
 D - a potion of haste {@q3}
 J - 3 potions of cancellation
 L - 5 potions of brilliance
 S - 7 potions of might
Miscellaneous
 f - an ornate deck of changes {the Potion}
 w - a lamp of fire
 O - an ornate deck of changes {Fortitude, drawn: 1}
Comestibles
 c - 19 bread rations
 p - 59 fruits
 s - 3 chunks of flesh

.....#....# #.
...D#....#...
...#....#...
N..........
############....cp..##
............)((.C.....
.............(pDW.....
.W.....@......D)D<..v.
..............DH<.....
############..v..e..##
#..........
..#....#... ...#....#
.. ....#....# .
.....#....#


You could see a golden dragon, a quicksilver dragon, a vault warden, a freezing
wraith, a fire vortex and a glaive of venom.


Message History

The sphinx completely misses you. The sphinx barely misses you.
The shadow dragon bites you but does no damage.
The shadow dragon claws you but does no damage.
You block the shadow dragon's attack.
The vault warden activates a sealing rune.
The vault warden misses you. The quicksilver dragon misses you.
You block the quicksilver dragon's attack.
The glaive of venom barely misses you. The golden dragon misses you.
The golden dragon barely misses you. The golden dragon tramples you.
* * * LOW HITPOINT WARNING * * *
You hold your ground!
Read which item? (? for menu, Esc to quit)
Okay, then.
Read which item? (? for menu, Esc to quit)
Okay, then.
Here: a vault warden, wielding a battleaxe of freezing and wearing a plate armour (almost dead)
The floor, spattered with blood.
Read which item? (? for menu, Esc to quit)
As you read the scroll of fear, it crumbles to dust.
You assume a fearsome visage.
The flayed ghost is unaffected.
The vault warden resists with some effort.
The iron dragon resists with almost no effort.
The yaktaur captain looks frightened!
The glaive of venom is unaffected.
The vault warden resists with some effort.
The quicksilver dragon resists with almost no effort.
The fire vortex is unaffected.
The fire vortex is unaffected.
The titan resists with almost no effort.
The yaktaur captain looks frightened!
The fire vortex is unaffected.
The shadow dragon resists with almost no effort.
The salamander stormcaller looks frightened!
The crawling corpse is unaffected.
The golden dragon easily resists.
The sphinx looks frightened!
The deep elf priest looks frightened!
You feel sick.
The quicksilver dragon barely misses you.
The quicksilver dragon completely misses you.
The sphinx is engulfed in roaring flames.
The sphinx casts a spell.
The sphinx is healed somewhat.
The shadow dragon completely misses you.
The shadow dragon claws you but does no damage. x2
The vault warden barely misses you.
The crawling corpse is engulfed in roaring flames.
The crawling corpse is destroyed!
You block the quicksilver dragon's attack.
The quicksilver dragon claws you but does no damage.
You block the glaive of venom's attack. The golden dragon bites you!!!
* * * LOW HITPOINT WARNING * * *
The golden dragon completely misses you.
The golden dragon tramples you!
* * * LOW HITPOINT WARNING * * *
You hold your ground!
The sphinx is engulfed in roaring flames.
The sphinx mumbles some strange words.
The sphinx is healed somewhat.
A shadow dragon comes into view.
The shadow dragon roars!
Read which item? (? for menu, Esc to quit)
Blink to where?
You are very lightly contaminated with residual magic.
As you read the scroll of blinking, it crumbles to dust.
A freezing wraith comes into view.
The quicksilver dragon breathes energy at you.
The bolt of dispelling energy hits you!
Your magical effects are unravelling.
Your magical contamination has completely faded away.
You die...

Action                   |  1- 3 |  4- 6 |  7- 9 | 10-12 | 13-15 | 16-18 | 19-21 | 22-24 | 25-27 || total
-------------------------+-------+-------+-------+-------+-------+-------+-------+-------+-------++-------
Melee: Unarmed           |     1 |       |       |       |       |       |       |       |       ||     1
       Spear             |    28 |   142 |   392 |   996 |  2936 |  2272 |       |       |       ||  6766
       Bardiche          |       |       |       |       |       |   913 |  1443 |  2177 |   745 ||  5278
 Fire: Blowgun           |       |       |       |       |     2 |       |       |       |       ||     2
Throw: Stone             |       |     2 |     9 |       |       |       |       |       |       ||    11
       Tomahawk          |       |       |       |     5 |       |       |       |       |       ||     5
       Throwing net      |       |       |       |       |     1 |       |       |       |       ||     1
       Javelin           |       |       |       |       |       |       |       |     3 |       ||     3
 Cast: Freeze            |    38 |    55 |    38 |    12 |       |     3 |       |       |       ||   146
       Throw Frost       |    12 |    26 |    30 |    21 |     5 |    36 |       |       |       ||   130
       Ozocubu's Armour  |       |       |       |     3 |    65 |   106 |    36 |    37 |    24 ||   271
       Summon Ice Beast  |       |       |       |     4 |     3 |       |       |       |       ||     7
       Condensation Shie |       |       |       |     2 |    63 |   103 |    33 |    58 |    24 ||   283
       Regeneration      |       |       |       |       |       |     8 |     6 |    16 |    13 ||    43
 Abil: Evoke Invisibilit |       |     3 |       |     3 |       |       |       |       |       ||     6
       Evoke Berserk Rag |       |       |       |       |     1 |       |       |       |       ||     1
Evoke: Wand              |       |       |       |     2 |     3 |    20 |     2 |    13 |       ||    40
       Rod               |       |       |       |       |     2 |     2 |       |       |       ||     4
       Lamp of fire      |       |       |       |       |     1 |       |     1 |     1 |       ||     3
       Deck              |       |       |       |       |       |       |       |     1 |       ||     1
  Use: Scroll            |       |     8 |     7 |    11 |    13 |    12 |    13 |    23 |     6 ||    93
       Potion            |       |     1 |     2 |       |     1 |     4 |     3 |     6 |       ||    17
 Stab: Sleeping          |     4 |     1 |     2 |    20 |    13 |    11 |     5 |     2 |     3 ||    61
       Invisible         |       |     3 |     5 |    12 |     1 |       |       |       |       ||    21
       Paralysed         |       |       |       |    14 |       |     4 |       |       |       ||    18
       Distracted        |       |       |       |     1 |     4 |     8 |     5 |     5 |     2 ||    25
       Fleeing           |       |       |       |       |     1 |       |       |       |       ||     1
       Held in net/web   |       |       |       |       |       |       |       |       |     1 ||     1
  Eat: Chunk             |     5 |    10 |    13 |    25 |    51 |    35 |    24 |    18 |     8 ||   189
       Meat ration       |       |       |     1 |       |     2 |     8 |     2 |     7 |       ||    20
       Bread ration      |       |       |     1 |     1 |       |       |       |     1 |     4 ||     7
       Beef jerky        |       |       |       |     2 |     4 |       |       |     1 |     1 ||     8
       Pizza             |       |       |       |     1 |     3 |     3 |       |     1 |     1 ||     9
       Royal jelly       |       |       |       |       |       |     2 |       |       |       ||     2
       Fruit             |       |       |       |       |       |     1 |       |       |       ||     1

Vault maps used:
D:1:      lightli_arrival_maybe_door_vault, serial_forest,
          infiniplex_forest_end_2, infiniplex_forest_end_2,
          infiniplex_forest_clump_tiny, infiniplex_forest_corner_2,
          infiniplex_forest_lined_2, infiniplex_forest_straight_5,
          infiniplex_forest_lined_1, minmay_crystal_room
D:2:      overflow_temple_1_default
D:3:      serial_park_square1, overflow_temple_1_default, first_bread,
          uniq_iyjb, uniq_robin, uniq_jessica
D:4:      kennysheep_mini, minmay_temple_entry_fiery, portal_sewer_entry_d,
          serial_shops, nicolae_shop_overgrown_old_shop,
          kennysheep_windowed_goal, uniq_eustachio, uniq_pikel, uniq_grinder,
          uniq_sigmund
D:5:      tgw_fedhas
D:6:      yredelemnul_forgotten_temple_becter, nicolae_qazlal_eye_of_the_storm,
          serial_shops, nicolae_shop_stone, kennysheep_generic_room_5
D:7:      minmay_flawed_box, old_standard_altar, grunt_gozag_breadcrumbs,
          st_stairs_12, uniq_crazy_yiuf_cottage, uniq_joseph
D:8:      nemelex_deck, lemuel_doored_altar, lemuel_crystal_altar,
          lightli_bailey_entry_fortress, special_room, uniq_erolcha,
          uniq_maurice
D:10:     lair_0_dummy
D:11:     uniq_erica
D:12:     orc_0_dummy, uniq_snorg
D:13:     portal_ice_cave_entry_imps, grunt_tengu_nest, jmf_multi_god_temple
D:14:     hangedman_vaults_entry_quadrant_bands, serial_curves, eino_curves_02,
          eino_curves_03, serial_shops, shop
D:15:     grunt_enter_depths_snipers, serial_park_tiny_2, uniq_rupert,
          uniq_josephine
Lair:1:   lab_entry_generic, columned_hall_lemuel, grunt_megastairs_1
Lair:2:   statuecave_lemuel, serial_bayou_pond_b
Lair:3:   kennysheep_rathole, nicolae_spider_entry_non_spiders,
          serial_bayou_shore_b, uniq_gastronok, uniq_sonja
Lair:4:   lemuel_reptile_caves, elwin_shoals_entry_rocks, uniq_maud
Lair:6:   lemuel_fruit_tree, grunt_megastairs_3
Lair:7:   grunt_megastairs_4
Lair:8:   wormcave, hangedman_lair_tendril_chambers,
          dpeg_slime_entry_enclosed_altar
Shoals:1: uniq_louise, uniq_aizul
Shoals:2: nicolae_shoals_stone_sculpture_thing
Shoals:3: uniq_jorgrun
Shoals:4: shoals_end_simple, shoal_ilsuiw
Spider:1: nicolae_crawler_farm
Spider:2: uniq_frances, uniq_azrael
Spider:3: zaba_anthell
Spider:4: grunt_spider_rune_parallel, uniq_arachne
Orc:1:    basic_altar
Orc:3:    serial_shops, shop, nicolae_orc_pool_cavern, nicolae_orc_crystal_geode
Orc:4:    st_orc_ogre_mass
Vaults:1: hangedman_vaults_slither, nicolae_vaults_yaktaur_gun_rack,
          vaults_room_octagon, v_misc_15, nicolae_vaults_little_squares_5,
          nicolae_vaults_twisting_passages, vaults_room_grid,
          vaults_room_hangedman_quadrants, v_misc_29,
          vaults_standard_mumra_enter_the_diamond, ontoclasm_vaults_fault,
          v_pattern_1, v_alt_pattern_4, uniq_asterion
Vaults:2: nicolae_vaults_little_squares_3, hangedman_vaults_stitches,
          nicolae_vaults_quadrants, hangedman_vaults_slice,
          grunt_vaults_diagonal, nicolae_vaults_border_crossing,
          vaults_room_boxed, nicolae_vaults_mini_display_case, vaults_room_pool
Vaults:3: st_lines, ontoclasm_vaults_tryst, minmay_crypt_entry_vampire_xt,
          vaults_room_stairs_pillars, nicolae_trove_entry_crossroad
Vaults:4: st_cross, hangedman_vaults_river_flow, nicolae_vaults_little_ls,
          nicolae_vaults_circle_grid_a, nicolae_vaults_ninety_degrees,
          v_rooms_6, nicolae_vaults_theta, vaults_dpeg_hooks, serial_shops,
          nicolae_shop_trees
Crypt:1:  serial_co_window_serial, co_window_of_opportunity_a,
          co_window_paths_a, co_window_corner_a, co_window_of_opportunity_a,
          co_window_paths_a, co_window_corner_b, co_window_broadway_a,
          co_window_corner_ca, co_window_broadway_b, co_window_of_opportunity_b,
          co_window_corner_cb, co_window_broadway_b, co_window_paths_e,
          glass_columns_b
Crypt:3:  lightli_unholy_cathedral, uniq_khufu, uniq_mennas
Depths:1: roderic_serpentine_path, pf_dread_powers_of_hell,
          nicolae_abyss_entry_one_way_or_another, serial_shops,
          bzr_entry_customers, lightli_gold_pyramid
Depths:2: kennysheep_demon_jail, serial_bayou_pond_e, serial_shops, shop_statue,
          hell_entry, mu_enter_wizlab_6
Depths:3: evilmike_diamond_1, minmay_misc_feat_rugged, grunt_mini_vestibule,
          pan_entry, dk_noncrumbling_2, spider_trap, uniq_enchantress
Depths:4: minmay_dotted_concentric_squares, enter_ziggurat_b,
          hangedman_coc_ice_floe, abyss_entry, minmay_holes
Depths:5: grunt_crosshair, enter_ziggurat_d, hell_entry, dk_noncrumbling_4,
          minmay_misc_feat_pillars, spider_trap
Lab:      nicolae_lab_dead_adventurers, nicolae_lab_do_over
Bazaar:   bazaar_jpeg_cross
Sewer:    sewer_the_crocodile
Bailey:   bailey_polearm_4, bailey
IceCv:    ice_cave_caverns_02
WizLab:   wizlab_cigotuvi

Notes
Turn   | Place    | Note
--------------------------------------------------------------
     0 | D:1      | Sixotanaka the Merfolk Ice Elementalist began the quest for the Orb.
     0 | D:1      | Reached XP level 1. HP: 13/13 MP: 3/3
   355 | D:1      | Reached XP level 2. HP: 17/19 MP: 1/5
   473 | D:1      | Reached skill level 4 in Ice Magic
   502 | D:1      | Learned a level 2 spell: Throw Frost
  1139 | D:2      | Reached skill level 1 in Polearms
  1210 | D:2      | Reached skill level 2 in Polearms
  1210 | D:2      | Reached XP level 3. HP: 24/24 MP: 0/6
  1433 | D:2      | Found a sacrificial altar of Ru.
  1700 | D:3      | Reached skill level 3 in Polearms
  1854 | D:3      | Noticed Jessica
  1874 | D:3      | Killed Jessica
  1874 | D:3      | Reached skill level 4 in Polearms
  1874 | D:3      | Reached XP level 4. HP: 30/30 MP: 0/7
  2167 | D:3      | Reached skill level 5 in Polearms
  2167 | D:3      | Reached XP level 5. HP: 14/35 MP: 0/8
  2374 | D:3      | Noticed Ijyb
  2589 | D:3      | Reached skill level 6 in Polearms
  2952 | D:3      | Found an ancient bone altar of Kikubaaqudgha.
  2973 | D:3      | Noticed Robin
  3068 | D:4      | Reached skill level 7 in Polearms
  3068 | D:4      | Reached XP level 6. HP: 39/41 MP: 1/9
  3088 | D:4      | Noticed a slave
  3096 | D:4      | Noticed a slave
  3096 | D:4      | Noticed a slave
  3096 | D:4      | Noticed an ogre
  3097 | D:4      | Noticed a slave
  3235 | D:4      | Killed an ogre
  3235 | D:4      | Reached skill level 8 in Polearms
  3297 | D:3      | Killed Robin
  3437 | D:3      | Killed Ijyb
  3517 | D:4      | Found Bieng's Antique Weapon Emporium.
  3527 | D:4      | Learned a level 4 spell: Summon Ice Beast
  3540 | D:4      | Noticed Sigmund
  3671 | D:4      | Found a glowing drain.
  3680 | Sewer    | Entered a sewer
  3761 | Sewer    | Reached skill level 9 in Polearms
  3761 | Sewer    | Reached XP level 7. HP: 40/46 MP: 0/10
  3975 | D:4      | Got a smoking spear
  4011 | D:4      | Killed a slave
  4028 | D:4      | Noticed Pikel
  4067 | D:4      | Noticed Eustachio
  4106 | D:3      | Killed a slave
  4242 | D:3      | Identified the +5 spear of Dyxkicry {elec, +Rage rC+++ Dex-3 SInv} (You found it on level 4 of the Dungeon)
  4327 | D:4      | Killed a slave
  4338 | D:4      | Killed a slave
  4661 | D:4      | Found a burning altar of Makhleb.
  4722 | D:4      | Killed Eustachio
  4722 | D:4      | Reached skill level 10 in Polearms
  4776 | D:4      | Noticed Grinder
  4780 | D:4      | Paralysed by Grinder for 7 turns
  4787 | D:4      | HP: 11/46 [Grinder (3)]
  4787 | D:4      | HP: 5/46 [Grinder (6)]
  4792 | D:4      | HP: 4/46 [Grinder/nerve-wracking pain (2)]
  5340 | D:4      | Became a worshipper of Makhleb the Destroyer
  5408 | D:5      | Entered Level 5 of the Dungeon
  5450 | D:5      | Reached skill level 11 in Polearms
  5740 | D:4      | HP: 2/46 [ogre/giant club (25)]
  6389 | D:6      | Found Hoaximim's General Store.
  6401 | D:5      | Reached XP level 8. HP: 46/52 MP: 11/11
  6617 | D:5      | Reached skill level 12 in Polearms
  6755 | D:5      | Found a blossoming altar of Fedhas.
  6775 | D:5      | Noticed an oklob plant
  6891 | D:5      | Reached skill level 3 in Dodging
  7038 | D:6      | Reached skill level 4 in Dodging
  7047 | D:6      | Reached skill level 5 in Ice Magic
  7068 | D:6      | Bought a potion of cancellation for 88 gold pieces
  7068 | D:6      | Bought a scroll of identify for 22 gold pieces
  7080 | D:6      | Acquired Makhleb's first power
  7279 | D:6      | Reached skill level 5 in Dodging
  7364 | D:6      | Reached skill level 6 in Ice Magic
  7479 | D:6      | Reached skill level 6 in Dodging
  7479 | D:6      | Reached XP level 9. HP: 57/57 MP: 12/12
  7648 | D:6      | Found a basalt altar of Yredelemnul.
  8141 | D:5      | Reached skill level 7 in Dodging
  8141 | D:5      | Reached skill level 7 in Ice Magic
  8355 | D:6      | Reached skill level 1 in Fighting
  8417 | D:6      | Acquired Makhleb's second power
  8468 | D:6      | Reached skill level 2 in Fighting
  8541 | D:6      | Found a stormy altar of Qazlal.
  8700 | D:7      | Reached skill level 3 in Fighting
  8914 | D:7      | Reached skill level 8 in Ice Magic
  9111 | D:7      | Reached skill level 4 in Fighting
  9149 | D:7      | Noticed Joseph
  9239 | D:7      | Killed Joseph
  9350 | D:7      | Reached skill level 5 in Fighting
  9404 | D:7      | Acquired Makhleb's third power
  9669 | D:7      | Reached skill level 9 in Ice Magic
  9669 | D:7      | Reached XP level 10. HP: 74/74 MP: 13/13
  9722 | D:7      | Found an opulent altar of Gozag.
  9757 | D:7      | Found a deep blue altar of Sif Muna.
  9949 | D:7      | Noticed Crazy Yiuf
  9960 | D:7      | Killed Crazy Yiuf
 10191 | D:7      | Reached skill level 6 in Fighting
 10420 | D:8      | Noticed Erolcha
 10426 | D:8      | Killed Erolcha
 10645 | D:8      | Reached skill level 10 in Ice Magic
 10675 | D:8      | Found a bloodstained altar of Trog.
 10715 | D:8      | Noticed Maurice
 10721 | D:8      | Reached skill level 7 in Fighting
 10768 | D:8      | Found a flagged portal.
 10784 | D:8      | Acquired Makhleb's fourth power
 10810 | Bailey   | Entered a bailey
 10811 | Bailey   | Noticed an orc knight
 10835 | Bailey   | Killed an orc knight
 10886 | Bailey   | Noticed an orc knight
 11009 | Bailey   | Killed an orc knight
 11009 | Bailey   | Reached skill level 8 in Fighting
 11012 | Bailey   | Reached skill level 11 in Ice Magic
 11053 | Bailey   | Noticed an orc knight
 11130 | Bailey   | Learned a level 3 spell: Ozocubu's Armour
 11211 | Bailey   | Killed an orc knight
 11211 | Bailey   | Reached XP level 11. HP: 63/87 MP: 11/14
 11373 | Bailey   | Reached skill level 9 in Fighting
 11433 | D:8      | Killed Maurice
 11750 | D:8      | Found a sparkling altar of Nemelex Xobeh.
 11829 | D:8      | Found a shattered altar of Ashenzari.
 11957 | D:9      | Acquired Makhleb's fifth power
 12357 | D:9      | Reached skill level 12 in Ice Magic
 12576 | D:10     | Entered Level 10 of the Dungeon
 12623 | D:10     | Reached skill level 10 in Fighting
 12683 | D:10     | Found a staircase to the Lair.
 12850 | D:10     | Got an ichor-stained spear
 12992 | D:10     | Noticed eataudio's ghost (experienced MiFi)
 13684 | D:10     | Identified the cursed +0 spear of Somewhere Else {freeze, *Rage +Fly rF+ Str+7} (You found it on level 10 of the Dungeon)
 13735 | D:11     | Noticed Erica
 13748 | D:11     | Killed Erica
 13968 | Lair:1   | Entered Level 1 of the Lair of Beasts
 13983 | Lair:1   | Found a labyrinth entrance.
 14011 | Lab      | Entered a labyrinth
 15276 | Lab      | Noticed a minotaur
 15295 | Lab      | Killed a minotaur
 15295 | Lab      | Reached skill level 8 in Dodging
 15316 | Lab      | Identified the Tome of Shifting Slavery
 15322 | Lab      | Learned a level 4 spell: Condensation Shield
 15581 | Lair:1   | Reached skill level 9 in Dodging
 15653 | Lair:1   | Got an ancient pewter ring
 15992 | Lair:1   | Reached skill level 10 in Dodging
 15992 | Lair:1   | Reached XP level 12. HP: 88/98 MP: 15/15
 16035 | Lair:2   | Noticed a four-headed hydra
 16053 | Lair:2   | Killed a four-headed hydra
 16366 | Lair:2   | Identified the ring of the Garden {rN++ Stlth+} (You found it on level 1 of the Lair of Beasts)
 16406 | Lair:2   | Reached skill level 13 in Ice Magic
 17197 | Lair:3   | Noticed Sonja
 17241 | Lair:3   | Noticed a five-headed hydra
 17445 | Lair:3   | Reached skill level 14 in Ice Magic
 17567 | Lair:3   | Killed Sonja
 17804 | Lair:3   | Killed a five-headed hydra
 17805 | Lair:3   | Noticed Gastronok
 17899 | Lair:3   | Reached skill level 15 in Ice Magic
 18132 | Lair:3   | Found a hole to the Spider Nest.
 18219 | Lair:4   | Noticed Maud
 18412 | Lair:4   | Noticed an eight-headed hydra
 18664 | Lair:4   | Noticed a catoblepas
 18675 | Lair:4   | Killed a catoblepas
 18675 | Lair:4   | Reached XP level 13. HP: 104/104 MP: 16/16
 18793 | Lair:4   | Reached skill level 11 in Dodging
 18854 | Lair:4   | Reached skill level 1 in Evocations
 18921 | Lair:4   | Reached skill level 2 in Evocations
 19261 | Lair:4   | Found a staircase to the Shoals.
 19306 | Lair:4   | Reached skill level 3 in Evocations
 19377 | Lair:4   | Noticed a seven-headed hydra
 19398 | Lair:4   | Killed an eight-headed hydra
 19418 | Lair:4   | HP: 14/104 [seven-headed hydra (15)]
 19751 | Lair:4   | Reached skill level 12 in Dodging
 19792 | Lair:4   | Reached skill level 4 in Evocations
 19848 | Lair:4   | Killed a seven-headed hydra
 20480 | Lair:4   | Reached skill level 16 in Ice Magic
 20522 | Lair:4   | HP: 15/104 [death yak (14)]
 21185 | Lair:5   | Reached skill level 13 in Dodging
 22065 | Lair:6   | Noticed chequers's ghost (powerful OpBe)
 22277 | Lair:6   | Identified a +0 rod of shadows (11/11) (You found it on level 6 of the Lair of Beasts)
 22408 | Lair:6   | Reached skill level 17 in Ice Magic
 22408 | Lair:6   | Reached XP level 14. HP: 88/111 MP: 10/17
 22658 | Lair:6   | Learned a level 3 spell: Regeneration
 22830 | Lair:6   | Killed chequers's ghost
 22830 | Lair:6   | Reached skill level 14 in Dodging
 23315 | Lair:7   | Reached skill level 1 in Charms
 23572 | Lair:7   | Reached skill level 2 in Charms
 23889 | Lair:7   | Reached skill level 3 in Charms
 24267 | Lair:7   | Reached skill level 18 in Ice Magic
 24513 | Lair:7   | Reached skill level 1 in Conjurations
 24757 | Lair:8   | Entered Level 8 of the Lair of Beasts
 24892 | Lair:8   | Reached skill level 2 in Conjurations
 24956 | Lair:8   | Found a viscous altar of Jiyva.
 24956 | Lair:8   | Found a staircase to the Slime Pits.
 25030 | Lair:8   | Reached skill level 11 in Fighting
 25197 | Lair:8   | Reached skill level 3 in Conjurations
 25369 | Lair:8   | Identified a scroll of acquirement
 25370 | Lair:8   | Got a twisted glaive
 25371 | Lair:8   | Identified the +3 glaive "Borhahy" {flame, rPois MR- Dex+3} (You acquired it on level 8 of the Lair of Beasts)
 25867 | Lair:8   | Reached skill level 13 in Polearms
 26203 | Lair:8   | Found a runed door.
 26227 | Lair:8   | Reached XP level 15. HP: 119/119 MP: 18/18
 26340 | Lair:8   | Reached skill level 14 in Polearms
 26525 | Lair:8   | Got a faintly glowing blowgun
 26526 | Lair:8   | Identified the +9 blowgun "Sosuguih" {evade, Int+3} (You found it on level 8 of the Lair of Beasts)
 26678 | Lair:8   | Reached skill level 4 in Conjurations
 27420 | D:10     | Killed eataudio's ghost
 27969 | D:4      | Killed Pikel
 28132 | D:4      | Found a staircase to the Ecumenical Temple.
 28407 | D:4      | Killed Sigmund
 28475 | D:4      | Killed Grinder
 28754 | D:11     | Noticed Sixotanaka's ghost (powerful DgIE)
 28777 | D:11     | Killed Sixotanaka's ghost
 28777 | D:11     | Reached skill level 5 in Conjurations
 28856 | D:11     | Reached skill level 1 in Shields
 29000 | D:11     | Noticed a four-headed hydra
 29010 | D:11     | Killed a four-headed hydra
 29299 | D:12     | Reached skill level 2 in Shields
 29523 | D:12     | Noticed Snorg
 29548 | D:12     | Killed Snorg
 29548 | D:12     | Reached skill level 3 in Shields
 29672 | D:12     | Found a staircase to the Orcish Mines.
 29773 | D:12     | Reached skill level 4 in Charms
 29925 | D:13     | Found a frozen archway.
 29960 | IceCv    | Entered an ice cave
 30136 | IceCv    | Reached skill level 4 in Shields
 30229 | IceCv    | Reached skill level 5 in Charms
 30358 | IceCv    | Reached skill level 5 in Evocations
 30531 | IceCv    | Noticed a frost giant
 30626 | IceCv    | Killed a frost giant
 30921 | IceCv    | Got a pair of distressingly furry gloves
 30932 | IceCv    | Identified the cursed -4 pair of gloves "Yluimuur" {+Blink Dex+4} (You found it in an ice cave)
 30945 | IceCv    | Identified Myinul's Papyrus of Cankerous Transformation
 31113 | D:13     | Reached skill level 6 in Evocations
 31594 | D:13     | Noticed a sphinx
 31594 | D:13     | Noticed a sphinx
 31673 | Orc:1    | Entered Level 1 of the Orcish Mines
 32152 | Orc:1    | Found a roughly hewn altar of Beogh.
 32216 | Orc:1    | You fall through a shaft!
 32645 | Orc:3    | Found a staircase to the Elven Halls.
 32856 | Orc:3    | Found Kockoh's General Store.
 32880 | Orc:3    | Bought a potion of haste for 120 gold pieces
 32957 | Orc:3    | Reached XP level 16. HP: 101/126 MP: 13/21
 33146 | Orc:4    | Entered Level 4 of the Orcish Mines
 33318 | Orc:4    | Reached skill level 3 in Spellcasting
 33804 | Orc:4    | Reached skill level 4 in Spellcasting
 34515 | Orc:4    | Reached skill level 15 in Polearms
 34553 | Orc:4    | Found Caroy's Gadget Boutique.
 34554 | Orc:4    | Found Xavem Wiokla's Weapon Shoppe.
 34554 | Orc:4    | Found Bil Sits's Armour Boutique.
 34554 | Orc:4    | Found Taul Mog's Jewellery Emporium.
 34570 | Orc:4    | Bought a wand of paralysis (13) for 225 gold pieces
 34810 | D:13     | Found a basalt altar of Yredelemnul.
 34810 | D:13     | Found a glowing silver altar of Zin.
 34839 | D:13     | Paralysed by a sphinx for 3 turns
 34847 | D:13     | Killed a sphinx
 34858 | D:13     | Killed a sphinx
 35266 | D:14     | Reached skill level 16 in Polearms
 35948 | D:14     | Found Nych's Antique Weapon Boutique.
 36096 | D:14     | Found a gate to the Vaults.
 36142 | D:14     | Reached skill level 17 in Polearms
 36201 | D:14     | HP: 14/126 [salamander stormcaller/halberd (21)]
 36602 | D:15     | Entered Level 15 of the Dungeon
 36764 | D:15     | Noticed Josephine
 36792 | D:15     | Killed Josephine
 36799 | D:15     | Noticed Rupert
 37022 | Spider:1 | Entered Level 1 of the Spider Nest
 37264 | Spider:1 | Reached skill level 18 in Polearms
 38466 | Spider:2 | Noticed Azrael
 38858 | Spider:1 | Reached XP level 17. HP: 131/131 MP: 11/23
 39062 | Spider:1 | Killed Azrael
 39062 | Spider:1 | Reached skill level 19 in Polearms
 39212 | Spider:2 | HP: 32/131 [poisoned by a wolf spider]
 39219 | Spider:1 | HP: 32/131 [poisoned by a wolf spider]
 39226 | Spider:1 | HP: 32/131 [poisoned by a wolf spider]
 39234 | Spider:1 | HP: 32/131 [poisoned by a wolf spider]
 39553 | Spider:2 | Noticed Frances
 39578 | Spider:2 | Killed Frances
 40633 | Spider:3 | Reached skill level 20 in Polearms
 41185 | Spider:2 | Upgraded the game from 0.17-a0-1056-g838d5c0 to 0.17-a0-1069-g92ad481
 42433 | Spider:3 | Reached skill level 21 in Polearms
 43188 | Spider:4 | Entered Level 4 of the Spider Nest
 43980 | Spider:4 | Noticed chequers's ghost (mighty MiAK)
 44138 | Spider:4 | Noticed Arachne
 44273 | Spider:4 | Killed Arachne
 44493 | Spider:4 | Reached skill level 22 in Polearms
 45557 | Spider:4 | Reached skill level 23 in Polearms
 45557 | Spider:4 | Reached XP level 18. HP: 138/138 MP: 0/24
 46491 | Spider:4 | Got a gossamer rune of Zot
 46806 | Lair:3   | Killed Gastronok
 46915 | Shoals:1 | Entered Level 1 of the Shoals
 47342 | Shoals:1 | Noticed Aizul
 47373 | Shoals:1 | Killed Aizul
 47564 | Shoals:1 | Noticed Louise
 47589 | Shoals:1 | Killed Louise
 47589 | Shoals:1 | Reached skill level 24 in Polearms
 48564 | Shoals:2 | Reached skill level 15 in Dodging
 49763 | Shoals:3 | Noticed Jorgrun
 49780 | Shoals:3 | Killed Jorgrun
 49886 | Shoals:4 | Entered Level 4 of the Shoals
 49994 | Shoals:4 | Noticed Ilsuiw
 50104 | Shoals:4 | Reached skill level 16 in Dodging
 50565 | Shoals:4 | Reached skill level 25 in Polearms
 50607 | Shoals:4 | Reached XP level 19. HP: 144/144 MP: 13/25
 50658 | Shoals:4 | Killed Ilsuiw
 50974 | Shoals:4 | HP: 35/144 [poisoned by a merfolk javelineer]
 50977 | Shoals:4 | Reached skill level 17 in Dodging
 51180 | Shoals:4 | Got a barnacled rune of Zot
 51988 | Vaults:1 | Entered Level 1 of the Vaults
 52017 | Vaults:1 | Noticed Asterion
 52035 | Vaults:1 | Killed Asterion
 52381 | Vaults:1 | Reached skill level 26 in Polearms
 52385 | Vaults:1 | Reached skill level 18 in Dodging
 52712 | Vaults:1 | Gained mutation: You are partially covered in iridescent scales (AC +4). [potion of beneficial mutation]
 52839 | Vaults:1 | Reached skill level 12 in Fighting
 52839 | Vaults:1 | Reached XP level 20. HP: 150/154 MP: 26/26
 52841 | Vaults:1 | Reached skill level 19 in Ice Magic
 52913 | Vaults:1 | Reached skill level 1 in Invocations
 53006 | Vaults:1 | Reached skill level 2 in Invocations
 53134 | Vaults:1 | Reached skill level 3 in Invocations
 53269 | Vaults:1 | Reached skill level 4 in Invocations
 53297 | Vaults:1 | Reached XP level 21. HP: 147/160 MP: 12/27
 53797 | Vaults:2 | Reached skill level 5 in Invocations
 54228 | Vaults:2 | Reached skill level 6 in Invocations
 54547 | Vaults:2 | Reached skill level 7 in Invocations
 54899 | Vaults:2 | Reached skill level 20 in Ice Magic
 55383 | Vaults:3 | Reached skill level 8 in Invocations
 55782 | Vaults:3 | Reached skill level 13 in Fighting
 56614 | Vaults:3 | HP: 37/164 [yaktaur/bolt[a vault warden] (5)]
 56619 | Vaults:3 | HP: 31/164 [poisoned by a centaur warrior]
 56627 | Vaults:3 | HP: 35/164 [poisoned by a centaur warrior]
 56628 | Vaults:3 | HP: 17/164 [vault warden/dire flail (19)]
 56922 | Vaults:3 | Reached skill level 14 in Fighting
 57295 | Vaults:3 | Found a staircase to the Crypt.
 57353 | Vaults:3 | Found a portal to a secret trove of treasure.
 57942 | Vaults:4 | HP: 35/167 [stone giant (34)]
 58031 | Vaults:4 | Reached skill level 15 in Fighting
 58325 | Vaults:4 | Reached XP level 22. HP: 152/175 MP: 17/28
 58702 | Vaults:4 | Reached skill level 16 in Fighting
 58810 | Vaults:4 | Found Coroenid's Jewellery Boutique.
 59634 | D:15     | Killed Rupert
 59805 | D:15     | Found a staircase to the Depths.
 61484 | Depths:1 | Entered Level 1 of the Depths
 61533 | Depths:1 | Reached skill level 1 in Armour
 61542 | Depths:1 | Ripred: oh geez
 61542 | Depths:1 | HP: 35/180 [yaktaur (11)]
 61544 | D:15     | Ripred: that is rough
 61544 | D:15     | Sixotanaka: lol
 61544 | D:15     | Sixotanaka: ya
 61551 | D:15     | Sixotanaka: didn't expect i'd take so much damage from just one turn O.o
 61601 | D:15     | Ripred: yea
 61613 | Depths:1 | Reached skill level 2 in Armour
 61667 | Depths:1 | Ripred: merfolk ice elementalist?
 61669 | Depths:1 | Sixotanaka: yeah i found literally no conj spells
 61669 | Depths:1 | Sixotanaka: tho
 61687 | Depths:1 | Sixotanaka: makhleb on d2 was too tempting
 61700 | Depths:1 | Found a one-way gate to the infinite horrors of the Abyss.
 61701 | Depths:1 | Ripred: oh you got freezing cloud?
 61702 | Depths:1 | Sixotanaka: nope
 61710 | Depths:1 | Reached skill level 3 in Armour
 61716 | Depths:1 | Ripred: thats a nice spell
 61731 | Depths:1 | Found a flickering gateway to a bazaar.
 61750 | Depths:1 | Ripred: and also, surprisingly, throw icicle. l4 but pretty powerful
 61758 | Depths:1 | Sixotanaka: ya
 61758 | Depths:1 | Sixotanaka: the thing was i found a good art spear
 61758 | Depths:1 | Sixotanaka: and then a bardiche
 61758 | Depths:1 | Sixotanaka: and the aptitude so good
 61758 | Depths:1 | Sixotanaka: i trained it up so fast
 61758 | Depths:1 | Ripred: trident is fab for merfolk
 61758 | Depths:1 | Sixotanaka: ya
 61758 | Depths:1 | Sixotanaka: bardiche is the highest base dmg polearm
 61758 | Depths:1 | Sixotanaka: hmm
 61758 | Depths:1 | Sixotanaka: cant move
 61758 | Depths:1 | Ripred: why not?
 61758 | Depths:1 | Sixotanaka: idk
 61758 | Depths:1 | Sixotanaka: i press the buttons and nothing happens
 61758 | Depths:1 | Ripred: try reload the page
 61758 | Depths:1 | Sixotanaka: i have
 61758 | Depths:1 | Sixotanaka: sec
 61758 | Depths:1 | Ripred: probs not the game
 61758 | Depths:1 | Sixotanaka: ya
 61758 | Depths:1 | Sixotanaka: hmm weird
 61758 | Depths:1 | Ripred: working?
 61758 | Depths:1 | Sixotanaka: nope
 61758 | Depths:1 | Sixotanaka: hmm
 61770 | Bazaar   | Entered a bazaar
 61864 | Bazaar   | Found Ynetwoh's Antique Armour Shop.
 61878 | Bazaar   | Bought a glowing cloak for 94 gold pieces
 61878 | Bazaar   | Bought a pair of runed gloves for 94 gold pieces
 61878 | Bazaar   | Bought a pair of ichor-stained boots for 199 gold pieces
 61878 | Bazaar   | Ripred: boots?
 61922 | Bazaar   | Identified the +0 pair of boots of the Special Lies {rF+++ rC+ rN+ SInv} (You bought it in a shop in a bazaar)
 61922 | Bazaar   | Sixotanaka: what
 61922 | Bazaar   | Sixotanaka: is this
 61922 | Bazaar   | Sixotanaka: lol
 61943 | Bazaar   | Ripred: rF triple plus is good for pan
 61943 | Bazaar   | Sixotanaka: insane boots
 61946 | Bazaar   | Found Renlukh's Gadget Shop.
 61954 | Bazaar   | Ripred: ya
 61954 | Bazaar   | Sixotanaka: rf+++ best possible thing that can roll in a piece of gear IMO
 61994 | Bazaar   | Ripred: got a game currently perfect for 15 runes
 61994 | Bazaar   | Sixotanaka: ya won a few 15 runes
 61994 | Bazaar   | Sixotanaka: i might go for it
 61994 | Bazaar   | Ripred: melee though :(
 61994 | Bazaar   | Ripred: easy way out
 61994 | Bazaar   | Sixotanaka: mm
 61994 | Bazaar   | Sixotanaka: hybrid stronger imo
 61994 | Bazaar   | Ripred: gargoyle fighter
 61994 | Bazaar   | Sixotanaka: my first 15 rune was GrWz
 62010 | Depths:1 | Ripred: natural muts are in-freaking-SANE
 62021 | Depths:1 | Ripred: resist, like everything
 62025 | Depths:1 | Sixotanaka: ya, rtorment
 62028 | Depths:1 | Reached skill level 4 in Armour
 62061 | Depths:1 | Sixotanaka: i think gargoyles are overrated when there's vine stalkers and minotaurs in the game tho
 62061 | Depths:1 | Sixotanaka: and spriggans even
 62117 | Depths:1 | Ripred: rot, too. sprigans are hard because of size
 62117 | Depths:1 | Ripred: but fast
 62117 | Depths:1 | Sixotanaka: spriggans definitely not hard
 62117 | Depths:1 | Sixotanaka: SpEn probably strongest combo in the game
 62122 | Depths:1 | Ripred: specially with hboots of running
 62368 | Depths:1 | Got a slimy mottled dragon armour
 62387 | Depths:1 | Reached skill level 5 in Armour
 62475 | Depths:1 | Identified the cursed +1 mottled dragon armour of Leaves {Int+4} (You found it on level 1 of the Depths)
 62626 | Vaults:1 | Ripred: bbiab, sit5ers birthday
 62643 | Vaults:1 | Ripred: sisters
 62646 | Vaults:1 | Sixotanaka: ok
 63012 | Depths:1 | Found a gateway to Hell.
 63277 | Depths:1 | Found a runed door.
 63356 | Depths:2 | Ripred: ok back sorry bout that
 63378 | Depths:2 | Reached skill level 6 in Armour
 63428 | Depths:2 | Got a distressingly furry chain mail
 63442 | Depths:2 | Found a magical portal.
 63616 | WizLab   | Entered Cigotuvi's Fleshworks
 63626 | WizLab   | Ripred: woa what is this?
 63628 | WizLab   | Sixotanaka: wizlab
 63638 | WizLab   | Identified the +0 chain mail of Spite {Int-2 Dex+5} (You found it on level 2 of the Depths)
 63638 | WizLab   | Ripred: never seen it.
 63649 | WizLab   | Ripred: you playing tunk or 16
 63649 | WizLab   | Sixotanaka: trunk
 63649 | WizLab   | Sixotanaka: this is in .16 tho
 63649 | WizLab   | Ripred: oh i have never seen it
 63649 | WizLab   | Ripred: is it rare?
 63652 | WizLab   | Sixotanaka: not rly
 63654 | WizLab   | Sixotanaka: there's a few different wizlabs
 63812 | WizLab   | Ripred: like labryth
 63822 | WizLab   | Ripred: ?
 63822 | WizLab   | Sixotanaka: kinda, but there's only one labrynth
 63822 | WizLab   | Ripred: yea but are rare as?
 63822 | WizLab   | Sixotanaka: https://lookupdb.guy.ht/#term/wizlab
 63822 | WizLab   | Sixotanaka: umm yeah
 63822 | WizLab   | Sixotanaka: there's one in most games
 63850 | WizLab   | Paralysed by a giant eyeball for 3 turns
 63859 | WizLab   | Paralysed by a giant eyeball for 2 turns
 63866 | WizLab   | Ripred: hn
 63895 | WizLab   | Paralysed by a giant eyeball for 3 turns
 63993 | WizLab   | Reached skill level 7 in Armour
 64062 | WizLab   | Ripred: migh have a go at my game
 64168 | WizLab   | Ripred: cya
 64168 | WizLab   | Ripred: :D
 64168 | WizLab   | Sixotanaka: good luck
 64292 | WizLab   | Identified Sif Muna's Compendium of Venomous Moulding (You found it in a wizard's laboratory)
 64295 | WizLab   | Identified Cigotuvi's Papyrus of Black Magic
 64309 | WizLab   | Learned a level 5 spell: Bolt of Draining
 64379 | WizLab   | Gained mutation: You can breathe flames. [potion of beneficial mutation]
 64639 | Depths:2 | Reached XP level 23. HP: 159/185 MP: 19/29
 64685 | Depths:2 | Found Warerrus's Book Boutique.
 64693 | Depths:2 | Bought a book of Annihilations for 1876 gold pieces
 64789 | Depths:2 | Reached skill level 8 in Armour
 64892 | Depths:2 | Reached skill level 6 in Conjurations
 64892 | Depths:2 | HP: 42/185 [something (21)]
 64898 | Depths:2 | HP: 27/185 [smoke demon/divine providence (10)]
 64915 | Depths:2 | Gained mutation: You are robust (+10% HP). [a neqoxec]
 64929 | Depths:2 | HP: 37/203 [purple ugly thing (2)]
 65675 | Depths:2 | Got a smoking silver ring
 65677 | Depths:2 | Identified the ring of Dim Light {rPois rF++ rN+ Int-5 Slay+2} (You found it on level 2 of the Depths)
 65798 | Depths:3 | Noticed the Enchantress
 65932 | Depths:3 | Reached skill level 7 in Conjurations
 66067 | Depths:3 | Reached skill level 17 in Fighting
 66474 | Depths:3 | Reached skill level 8 in Conjurations
 67089 | Depths:3 | Found a one-way gate leading to the halls of Pandemonium.
 67136 | Depths:3 | Noticed chequers's ghost (mighty MiFi)
 67297 | Depths:3 | HP: 43/206 [spriggan defender/rapier of draining[the Enchantress] (10)]
 67298 | Depths:3 | HP: 15/206 [spriggan defender/rapier of draining[the Enchantress] (19)]
 67315 | Depths:3 | HP: 45/206 [fire giant/bolt of fire (6)]
 67327 | Depths:3 | Killed the Enchantress
 67358 | Depths:3 | Got a faerie dragon armour
 67369 | Depths:3 | Identified the +0 faerie dragon armour {MR+ Int+6} (You took it off the Enchantress on level 3 of the Depths)
 67798 | Depths:3 | Got a slimy brass amulet
 67800 | Depths:3 | Identified the amulet "Hero's Friend" {Stasis rC+} (You took it off a spriggan air mage on level 3 of the Depths)
 68009 | Depths:3 | Cast into the Abyss (spriggan defender)
 68174 | Abyss:1  | Reached skill level 21 in Ice Magic
 68243 | Depths:3 | Escaped the Abyss
 68484 | Depths:3 | Killed chequers's ghost
 69027 | Depths:3 | Reached skill level 18 in Fighting
 69033 | Depths:3 | Reached XP level 24. HP: 216/216 MP: 24/29
 69472 | Depths:3 | Reached skill level 9 in Conjurations
 69743 | Depths:4 | Reached skill level 10 in Conjurations
 70078 | Depths:4 | Found a gateway to a ziggurat.
 70202 | Depths:4 | Reached skill level 11 in Conjurations
 70314 | Depths:4 | Got a transparent robe
 70315 | Depths:4 | Identified the +3 robe of Xypsaobe {+Blink MR+} (You found it on level 4 of the Depths)
 70811 | Depths:5 | Entered Level 5 of the Depths
 70842 | Depths:5 | Found a gate to the Realm of Zot.
 70997 | Depths:5 | Found a gateway to a ziggurat.
 71365 | Depths:5 | Reached skill level 22 in Ice Magic
 71428 | Depths:5 | Reached skill level 19 in Dodging
 71929 | Depths:5 | Reached XP level 25. HP: 224/224 MP: 16/29
 72033 | Depths:5 | Ripred: hi again
 72033 | Depths:5 | Sixotanaka: hey
 72091 | Depths:3 | Ripred: mind if i inquire about something?
 72091 | Depths:3 | Sixotanaka: sure
 72432 | Crypt:1  | Entered Level 1 of the Crypt
 72512 | Crypt:1  | Sixotanaka: i meant go ahead and ask
 72512 | Crypt:1  | Sixotanaka: not that i minded :P
 72626 | Crypt:1  | Ripred: 72/119 hp, st roka, jorgrun, gohst crab, 2 orcs. gargoyle so jorgrun might be harmful. what should i do?
 72627 | Crypt:1  | Sixotanaka: show me
 72627 | Crypt:1  | Sixotanaka: open up the game
 73337 | Crypt:1  | Reached skill level 23 in Ice Magic
 74098 | Crypt:2  | Reached skill level 20 in Dodging
 74221 | Crypt:2  | HP: 41/224 [??? (23)]
 74868 | Crypt:2  | HP: 45/224 [??? (22)]
 75431 | Crypt:3  | Entered Level 3 of the Crypt
 75464 | Crypt:3  | Noticed a greater mummy
 75465 | Crypt:3  | Noticed Khufu
 75465 | Crypt:3  | Noticed a greater mummy
 75716 | Crypt:3  | Found a staircase to the Tomb.
 75716 | Crypt:3  | Noticed an ancient lich
 75762 | Crypt:2  | Killed an ancient lich
 76068 | Crypt:2  | Killed a greater mummy
 76263 | Vaults:5 | Entered Level 5 of the Vaults
 76327 | Vaults:4 | Reached skill level 24 in Ice Magic
 77166 | Vaults:4 | Reached XP level 26. HP: 234/234 MP: 16/29
 77238 | Vaults:5 | Reached skill level 1 in Necromancy
 77247 | Vaults:5 | HP: 34/234 [golden dragon (32)]
 77248 | Vaults:5 | Killed from afar by a quicksilver dragon

Vanquished Creatures
  An ancient lich (Crypt:2)
  A greater mummy (Crypt:2)
  A caustic shrike (Depths:3)
  3 golden dragons
  3 tentacled monstrosities
  the Enchantress (Depths:3)
  Arachne (Spider:4)
  A hellephant (Abyss:1)
  The ghost of chequers the Severer, a mighty MiFi of Dithmenos (Depths:3)
  Rupert (D:15)
  4 liches
  A Hell Sentinel (Abyss:1)
  2 shard shrike skeletons
  Asterion (Vaults:1)
  4 titans
  A quicksilver dragon (Depths:4)
  4 sphinxes
  Gastronok (Lair:3)
  2 octopode crushers
  3 shadow dragons
  Frances (Spider:2)
  4 tengu reavers
  5 revenants
  Ilsuiw (Shoals:4)
  16 fire giants
  6 frost giants
  A draconian knight (Depths:5)
  4 deep elf sorcerers
  8 vault wardens
  A draconian scorcher (Depths:5)
  An iron dragon (Depths:5)
  Aizul (Shoals:1)
  Louise (Shoals:1)
  4 curse skulls
  4 emperor scorpions
  An orc warlord (Orc:3)
  4 ghost moths
  6 ghouls
  15 ironheart preservers
  4 spriggan defenders (Depths:3)
  A caustic shrike skeleton (Crypt:1)
  16 very ugly things
  A green draconian (Depths:5)
  A deep elf demonologist (Vaults:4)
  17 stone giants
  3 vampire knights
  2 black draconians (Depths:5)
  3 deep elf annihilators
  3 white draconians (Depths:5)
  Azrael (Spider:1)
  A purple draconian (Depths:5)
  A red draconian (Depths:5)
  The ghost of chequers the Bludgeoner, a powerful OpBe of Trog (Lair:6)
  A blizzard demon (Depths:2)
  3 ettins
  24 vault guards (Vaults:4)
  Snorg (D:12)
  10 jiangshi
  A minotaur (Lab)
  10 merfolk javelineers
  11 yaktaur captains
  A crystal guardian (Vaults:4)
  3 deep elf death magi
  A hell beast (Depths:3)
  3 eidola
  Josephine (D:15)
  10 merfolk impalers
  12 fire dragons
  3 deep elf high priests
  A caustic shrike simulacrum (Depths:3)
  10 great orbs of eyes
  7 entropy weavers
  4 death knights
  12 hydras
  13 ogre magi
  Erolcha (D:8)
  A catoblepas (Lair:4)
  5 rakshasas
  8 centaur warriors
  2 merfolk avatars (Shoals:4)
  5 spriggan air magi
  Erica (D:11)
  2 alligator snapping turtles
  10 ice dragons
  The ghost of Sixotanaka the Devastator, a powerful DgIE (D:11)
  9 deep troll shamans
  A queen ant (Spider:3)
  The ghost of eataudio the Blocker, an experienced MiFi of Trog (D:10)
  7 vampire magi
  8 salamander stormcallers
  4 merfolk aquamancers
  5 tengu warriors
  2 satyrs
  5 deep troll earth magi
  10 death yaks
  8 spriggan berserkers
  4 iron trolls
  2 shock serpents (shapeshifter)
  3 soul eaters
  A storm dragon zombie (Crypt:1)
  Sonja (Lair:3)
  3 orc high priests
  A wretched star (Abyss:1)
  16 hell knights
  An iron golem (WizLab)
  3 deep elf knights
  13 skeletal warriors
  4 shadow wraiths
  37 deep trolls
  18 sea snakes
  2 unseen horrors
  A death drake (shapeshifter) (Vaults:3)
  3 deep elf summoners
  6 flayed ghosts
  2 anaconda zombies
  11 ironbrand convokers
  5 wizards
  7 hill giants
  An ice statue (IceCv)
  2 anubis guards (shapeshifter) (WizLab)
  5 griffons
  16 orc knights
  A harpy (shapeshifter) (WizLab)
  5 giant orange brains
  Pikel (D:4)
  A lindwurm (shapeshifter) (Depths:5)
  6 phantasmal warriors
  A shadow dragon zombie (Depths:2)
  13 orb spiders
  2 wolf spiders (shapeshifter)
  3 deep elf conjurers
  2 lindwurms
  6 necromancers
  A fire giant zombie (Depths:3)
  A hornet (shapeshifter) (WizLab)
  A shadow dragon skeleton (Crypt:1)
  30 wolf spiders
  An iron dragon zombie (Crypt:1)
  2 sphinx skeletons
  2 starcursed masses (Abyss:1)
  3 orc sorcerers
  31 ugly things
  2 frost giant zombies (Crypt:2)
  6 water nymphs
  8 manticores
  8 hornets
  A guardian serpent (shapeshifter) (WizLab)
  5 fauns
  2 iron dragon skeletons
  A fire giant skeleton (Crypt:1)
  3 elephants (Lair:7)
  7 large abominations (WizLab)
  A moth of wrath (Spider:4)
  Maurice (D:8)
  7 black mambas
  11 sirens
  8 cyclopes
  Joseph (D:7)
  A guardian serpent (Lair:8)
  2 rust devils
  3 vault sentinels
  2 kobold demonologists (Vaults:2)
  14 torpor snails
  47 yaktaurs
  2 centaur skeletons
  2 spiny frogs (shapeshifter) (WizLab)
  A dire elephant skeleton (Crypt:1)
  4 smoke demons
  A yaktaur (shapeshifter) (WizLab)
  An emperor scorpion zombie (Crypt:2)
  A golden dragon simulacrum (Depths:3)
  21 spiny frogs
  A redback zombie (D:15)
  2 elves (shapeshifter)
  8 komodo dragons
  2 tengu conjurers
  17 demonic crawlers
  A mottled draconian skeleton (Crypt:1)
  8 freezing wraiths
  A hellwing (Depths:2)
  8 trolls
  3 fire drakes
  An ancient zyme (Abyss:1)
  4 deep elf priests
  A wolf spider simulacrum (Vaults:1)
  A troll (shapeshifter) (WizLab)
  2 red devils
  A two-headed ogre (shapeshifter) (WizLab)
  An efreet (D:14)
  2 queen bees (shapeshifter)
  2 giant leeches (Lair:8)
  4 blink frogs (shapeshifter)
  7 fire vortices
  25 merfolk
  33 jumping spiders
  Grinder (D:4)
  16 polar bears
  A harpy zombie (Crypt:3)
  14 snapping turtles
  5 wind drakes
  A minotaur skeleton (Crypt:1)
  A guardian serpent zombie (Crypt:2)
  11 blink frogs
  A boulder beetle (Vaults:4)
  A bog body (Crypt:1)
  35 slime creatures
  A tarantella zombie (Crypt:2)
  A stone giant simulacrum (Vaults:1)
  11 ravens
  20 trapdoor spiders
  18 two-headed ogres
  24 tarantellas
  2 air elementals (Depths:3)
  7 spriggans
  2 humans (shapeshifter) (WizLab)
  A spriggan (shapeshifter) (Vaults:1)
  Sigmund (D:4)
  7 deep elf magi
  A black mamba zombie (Crypt:1)
  34 redbacks
  18 water elementals
  A tarantella (shapeshifter) (D:14)
  A dire elephant simulacrum (Crypt:1)
  7 flying skulls
  2 basilisks
  8 wraiths
  A spriggan skeleton (Depths:2)
  10 vampire mosquitoes
  A yak (shapeshifter) (WizLab)
  5 wyverns
  66 yaks
  4 hungry ghosts
  Eustachio (D:4)
  A basilisk (shapeshifter) (Depths:1)
  2 hogs (shapeshifter) (WizLab)
  2 spriggan simulacra
  9 deep elf fighters
  4 vampires
  2 humans (Depths:1)
  12 wargs
  A fire bat (shapeshifter) (WizLab)
  A hippogriff (shapeshifter) (WizLab)
  12 hippogriffs
  7 small abominations
  2 neqoxecs
  35 wolves
  2 fire elementals (Spider:1)
  22 soldier ants
  11 porcupines
  26 water moccasins
  6 hell hounds (Spider:1)
  A naga (shapeshifter) (Depths:3)
  A spiny frog zombie (Crypt:2)
  A dwarf (shapeshifter) (WizLab)
  20 spiders
  39 orc warriors
  4 slaves
  2 phantoms
  3 sky beasts
  11 ice beasts
  4 necrophages (Crypt:1)
  A black bear (D:10)
  An ogre (shapeshifter) (D:14)
  14 wasps
  An eye of draining (D:14)
  15 centaurs
  59 ogres
  2 lost souls
  17 big kobolds
  21 boggarts
  29 crocodiles
  6 brain worms
  A big kobold (shapeshifter) (Depths:5)
  23 giant frogs
  A wyvern skeleton (D:9)
  A water moccasin zombie (D:10)
  2 gnoll sergeants
  11 scorpions
  A troll zombie (Crypt:1)
  18 killer bees
  A polar bear skeleton (Crypt:1)
  5 crimson imps
  2 jellies
  A quasit (D:6)
  20 wights
  5 electric eels
  A basilisk zombie (Crypt:2)
  2 giant frog zombies
  4 centaur zombies
  10 hounds
  A demonspawn zombie (Crypt:2)
  An iron imp (Spider:1)
  21 orc priests
  Crazy Yiuf (D:7)
  31 orc wizards
  Ijyb (D:3)
  A giant frog skeleton (D:8)
  Jessica (D:3)
  A gnoll shaman (D:6)
  19 iguanas
  A killer bee zombie (D:9)
  41 worker ants
  2 hell rats (Lair:3)
  45 sheep
  A naga skeleton (Crypt:1)
  A hound zombie (Crypt:1)
  2 hound skeletons
  Robin (D:3)
  81 river rats
  2 shadow imps
  20 adders
  18 gnolls
  13 white imps
  4 giant eyeballs (WizLab)
  An adder skeleton (D:5)
  20 worms
  9 giant geckos
  178 orcs
  16 bats
  3 bat skeletons
  A bat zombie (D:7)
  7 giant cockroaches
  32 goblins
  18 hobgoblins
  8 jackals
  29 kobolds
  2 ball pythons (D:5)
  A giant gecko skeleton (D:5)
  A giant gecko zombie (D:6)
  11 giant newts
  2 jackal skeletons
  8 quokkas
  A quokka zombie (Crypt:3)
  15 rats
  2 spectral orcs
2539 creatures vanquished.

Vanquished Creatures (collateral kills)
  A spriggan defender (Depths:3)
  A spriggan berserker (Depths:3)
  3 ogres (Orc:4)
5 creatures vanquished.

Vanquished Creatures (others)
  A fire giant (Depths:3)
  Jorgrun (Shoals:3)
  An eldritch tentacle (Crypt:3)
  A shadow dragon (Vaults:5)
  A hydra (Lair:8)
  A deep elf conjurer (Vaults:5)
  An orc knight (D:14)
  A wolf spider (Vaults:5)
  3 drowned souls (Shoals:4)
  A vault sentinel (Vaults:4)
  A centaur skeleton (Orc:4)
  A tengu conjurer (Depths:2)
  A jumping spider (Spider:2)
  3 fire vortices
  A fire elemental (Depths:3)
  A redback (Spider:4)
  A deep elf mage (Vaults:3)
  A water elemental (Depths:3)
  2 wolves (IceCv)
  A vampire mosquito (Orc:4)
  2 deep elf fighters
  An ogre (Vaults:2)
  4 ice beasts
  A wasp (Lair:8)
  A crocodile (Lair:8)
  A lost soul (Crypt:1)
  A scorpion (D:6)
  An iguana (Lair:4)
  An orc wizard (Lair:6)
  3 orcs
  A giant gecko (Lair:4)
  2 crawling corpses (Vaults:5)
  79 eldritch tentacle segments (Crypt:3)
  17 fungi
  16 plants
  13 toadstools (D:5)
169 creatures vanquished.

Grand Total: 2713 creatures vanquished
